 Dungeon Crawl Stone Soup version 0.28-a0-385-g79de503ca0 (webtiles) character file.

Game seed: 1712862720109261099

4883 sandbernar the Destroyer (level 10, -1/67 HPs)
             Began as a Human Conjurer on Sept 1, 2021.
             Was a Believer of Vehumet.
             Slain by a death yak (24 damage)
             ... on level 9 of the Dungeon on Sept 3, 2021.
             The game lasted 03:37:31 (14058 turns).

sandbernar the Destroyer (Human Conjurer)          Turns: 14058, Time: 03:37:31

Health: -1/67      AC:  6    Str: 10    XL:     10   Next: 79%
Magic:  21/21      EV: 12    Int: 22    God:    Vehumet [**....]
Gold:   448        SH:  0    Dex: 11    Spells: 7/24 levels left

rFire   . . .      SeeInvis .   z - +6 flail (protect)
rCold   . . .      Faith    +   (no shield)
rNeg    . . .      Spirit   .   x - +0 robe {Archmagi}
rPois   .          Reflect  .   n - +1 hat
rElec   .          Harm     .   k - +0 cloak
rCorr   +          Rampage  .   s - +0 pair of gloves
Will    .....      Archmagi +   b - +0 pair of boots
Stlth   +++.......              m - amulet of faith
HPRegen 0.21/turn               D - ring of resist corrosion
MPRegen 0.17/turn               (no ring)

@: no status effects
A: strong 1, sturdy frame 1
a: Renounce Religion


You were on level 9 of the Dungeon.
You worshipped Vehumet.
Vehumet was pleased with you.
You visited 2 branches of the dungeon, and saw 11 of its levels.

You collected 448 gold pieces.

Inventory:

Hand Weapons
 e - a +0 whip of venom
 p - a +0 mace of protection
 w - a +1 vorpal falchion
 z - a +6 flail of protection (weapon)
 A - a +2 falchion
Missiles
 f - 229 stones
Armour
 a - a +0 robe
 b - a +0 pair of boots (worn)
 c - a +3 leather armour
 g - a +1 kite shield of protection
 k - a +0 cloak (worn)
 n - a +1 hat (worn)
 o - a +0 hat
 q - a +0 leather armour
 s - a +0 pair of gloves (worn)
 t - the +15 Maxwell's patent armour {-Cast -Tele rElec Will+ rCorr}
   (You found it on level 5 of the Dungeon)

   rElec:     It insulates you from electricity.
   -Cast:     It prevents spellcasting.
   -Tele:     It prevents most forms of teleportation.
   rCorr:     It protects you from acid and corrosion.
   Will:      It increases your willpower.
 x - a +0 robe of the Archmagi (worn)
Jewellery
 i - an amulet of the acrobat
 m - an amulet of faith (around neck)
 D - a ring of resist corrosion (left hand)
Wands
 v - a wand of paralysis (4)
 H - a wand of digging (4)
Scrolls
 d - a scroll of teleportation
 l - 2 scrolls of amnesia
 r - a scroll of noise
 u - a scroll of summoning
 y - a scroll of silence
 C - a scroll of immolation
 E - a scroll of fog
 G - a scroll of enchant weapon
Potions
 h - a potion of curing
 F - a potion of flight
Miscellaneous
 B - a phantom mirror (inert)


   Skills:
 + Level 1.7 Fighting
 + Level 1.1 Maces & Flails
 + Level 3.6 Dodging
 + Level 5.1 Stealth
 + Level 7.6 Spellcasting
 + Level 8.5 Conjurations
 * Level 6.3 Hexes
 * Level 5.4 Translocations
 + Level 0.4 Evocations


You had 7 spell levels left.
You knew the following spells:

 Your Spells              Type           Power      Damage    Failure   Level
a - Magic Dart            Conj           100%       1d8       1%          1
b - Searing Ray           Conj           100%       3d7       1%          2
c - Fulminant Prism       Conj/Hex       29%        3d14      3%          4
d - Iskenderun's Mystic   Conj/Tloc      56%        2d12      4%          4
e - Dazzling Flash        Conj/Hex       100%       N/A       1%          3
f - Freeze                Ice            48%        1d7       8%          1
g - Poisonous Vapours     Pois/Air       24%        N/A       12%         2

Your spell library contained the following spells:

 Spells                   Type           Power      Damage    Failure   Level


Dungeon Overview and Level Annotations

Branches:
Dungeon (10/15)            Temple (1/1) D:5
   Lair: D:8-11         Orc: D:9-12

Altars:
Ashenzari
Cheibriados
Dithmenos
Fedhas
Hepliaklqana
Kikubaaqudgha
Makhleb
Nemelex Xobeh
Okawaru
Qazlal
Ru
Sif Muna
Trog
Uskayaw
Vehumet
Wu Jian
Xom
Yredelemnul
Zin
The Shining One

Annotations:
D:5 3 runed translucent doors, PentaManta's ghost, novice TrAK
D:8 2 transporters, Laan's ghost, novice GrFi
D:9 3 runed translucent doors, TheJester's ghost, novice MiBe
D:10 Joseph; Snorg; Urug


Innate Abilities, Weirdness & Mutations

Your muscles are strong. (Str +2)
Your movements are slightly less encumbered by armour. (ER -2)


Message History

The death yak closely misses you.
Press: ? - help, . - travel You can't see that place. [a rock wall.]
There is a stone staircase leading up here.
The death yak gores you!
You climb upwards.
Level annotation: 3 runed translucent doors, TheJester's ghost, novice MiBe
There is a stone staircase leading down here.
Aiming: Searing Ray (safe; 1% risk of failure)
Press: ? - help, Q - select action, (/) - cycle Shift-Dir - straight line, f - death yak
Aim: a death yak (severely wounded, 94% to hit)
Okay, then.
The death yak gores you!
TheJester's ghost turns its malevolent gaze towards you.
You hear a shout!
You hear a horrible gurgling sound!
The wyvern hisses angrily.
The howler monkey howls! x2
The death yak snorts and paws the ground.
Casting: Iskenderun's Mystic Blast (dangerous; 4% risk of failure)
Press: ? - help, Q - select action, (/) - cycle Dir - look around, f - activate Look: a death yak (heavily wounded)
You feel a surge of power!
You erupt in a blast of force!
The mystic blast hits the death yak!
The death yak is heavily wounded.
The death yak gores you!!
* * * LOW HITPOINT WARNING * * *
The death yak gores you.
The death yak snorts and paws the ground.
There is an escape hatch in the ceiling here.
Press: ? - help, v - describe, . - travel The floor.
Unknown command.
The death yak snorts and paws the ground.
The death yak gores you!
* * * LOW HITPOINT WARNING * * *
The death yak snorts and paws the ground.
The death yak gores you!!
* * * LOW HITPOINT WARNING * * *
You feel better. The death yak gores you!!
You die...

#...................#
#.....#############.#
#######.....#...........#.#
............#...........#.#
............#...........#.#
............#...........'.#
#########...#.......[...#.#
........#...#############.#
........#.......@Y........#
........#.................##
........#..................#
........#..####'###...######
........#..#......#...#
........#..#......#...######
###.....#..#......#........#
..'.....#..#......#........#
..#.....#..########........#


You could see a death yak.

Vanquished Creatures
  A kobold demonologist (D:9)
  A merfolk (D:9)
  2 wyverns (D:7)
  A spriggan (D:7)
  A wraith (D:9)
  Menkaure (D:5)
  Edmund (D:5)
  A water moccasin (D:7)
  A black bear (D:6)
  3 orc warriors
  3 sky beasts
  2 ice beasts
  A necrophage (D:6)
  An ogre (D:6)
  3 centaurs
  Blork the orc (D:5)
  2 kobold brigands (D:10)
  2 bullfrogs
  3 scorpions
  A water moccasin skeleton (D:6)
  8 killer bees
  5 wights (D:9)
  A howler monkey (D:6)
  A hound (D:2)
  A centaur zombie (D:9)
  3 orc priests
  2 jellies
  2 gnoll shamans
  A centaur skeleton (D:6)
  2 iguanas
  10 orc wizards
  A scorpion zombie (D:5)
  A killer bee zombie (D:4)
  A hound skeleton (D:4)
  A howler monkey zombie (D:9)
  24 gnolls
  5 adders
  A shadow imp (D:8)
  2 white imps
  An ufetubus (D:6)
  An adder skeleton (D:4)
  3 worms
  3 dart slugs
  39 orcs
  7 bats
  7 endoplasms
  5 giant cockroaches
  9 goblins
  7 hobgoblins
  7 quokkas
  6 ball pythons
  3 frilled lizards
  15 kobolds
  6 rats
223 creatures vanquished.

Vanquished Creatures (others)
  64 fulminant prisms
  14 plants
78 creatures vanquished.

Grand Total: 301 creatures vanquished

Notes
Turn   | Place    | Note
-------+----------+-------------------------------------------
     0 | D:1      | sandbernar the Human Conjurer began the quest for the Orb.
     0 | D:1      | Reached XP level 1. HP: 13/13 MP: 3/3
   504 | D:1      | Reached XP level 2. HP: 19/19 MP: 1/5
   869 | D:1      | Learned a level 2 spell: Searing Ray
   897 | D:1      | Gained mutation: Your body sometimes deteriorates upon
                  | taking damage. [potion of mutation]
   897 | D:1      | Gained mutation: Your skin changes colour to match your
                  | surroundings (Stealth+). [potion of mutation]
   897 | D:1      | Gained mutation: Your movements are slightly less
                  | encumbered by armour. (ER -2) [potion of mutation]
   996 | D:1      | Reached XP level 3. HP: 24/24 MP: 2/6
  1978 | D:2      | Reached XP level 4. HP: 30/30 MP: 4/7
  2268 | D:2      | Reached skill level 5 in Conjurations
  2535 | D:3      | Noticed a scorpion
  2688 | D:2      | Reached XP level 5. HP: 35/35 MP: 6/9
  2817 | D:2      | Learned a level 4 spell: Fulminant Prism
  3536 | D:3      | Found a faded altar of an unknown god.
  3601 | D:3      | Became a worshipper of the Shining One
  3601 | D:3      | Reached * piety under the Shining One
  3602 | D:3      | Upgraded the game from 0.28-a0-317-g21599a725c to
                  | 0.28-a0-382-g33c4956463
  3847 | D:4      | Found a broken altar of Ashenzari.
  4413 | D:4      | Reached XP level 6. HP: 36/41 MP: 6/11
  4501 | D:5      | Entered Level 5 of the Dungeon
  4509 | D:5      | Reached skill level 1 in Hexes
  4524 | D:5      | Noticed Blork the orc
  4695 | D:4      | Learned a level 4 spell: Iskenderun's Mystic Blast
  4988 | D:3      | Noticed an ice beast
  4993 | D:3      | Killed an ice beast
  4994 | D:3      | Reached skill level 6 in Conjurations
  4994 | D:3      | Reached XP level 7. HP: 46/46 MP: 5/13
  6110 | D:4      | Reached ** piety under the Shining One
  6134 | D:4      | Found a shadowy altar of Dithmenos.
  6137 | D:4      | Found an ancient bone altar of Kikubaaqudgha.
  6139 | D:4      | Found a shimmering altar of Xom.
  6171 | D:4      | Found a blossoming altar of Fedhas.
  6173 | D:4      | Found a shimmering blue altar of Sif Muna.
  6669 | D:5      | Killed Blork the orc
  6819 | D:6      | Found an iron altar of Okawaru.
  6823 | D:6      | Reached XP level 8. HP: 52/52 MP: 10/15
  6956 | D:6      | Lost mutation: Your skin changes colour to match your
                  | surroundings (Stealth+). [potion of mutation]
  6956 | D:6      | Lost mutation: Your body sometimes deteriorates upon taking
                  | damage. [potion of mutation]
  6956 | D:6      | Gained mutation: Your muscles are strong. (Str +2) [potion
                  | of mutation]
  7011 | D:6      | Reached skill level 5 in Spellcasting
  7223 | D:6      | Reached skill level 1 in Translocations
  7491 | D:5      | Found the +15 Maxwell's patent armour {-Cast -Tele rElec
                  | Will+ rCorr}
  7573 | D:5      | Found a runed translucent gate.
  7573 | D:5      | Found a runed translucent gate.
  7573 | D:5      | Found a runed translucent gate.
  7580 | D:5      | Noticed PentaManta's ghost (novice TrAK)
  7612 | D:5      | Noticed Menkaure
  7620 | D:5      | Killed Menkaure
  7944 | D:6      | Reached skill level 7 in Conjurations
  7944 | D:6      | Reached XP level 9. HP: 57/57 MP: 9/17
  8436 | D:6      | Found a burning altar of Makhleb.
  8712 | D:5      | Found a staircase to the Ecumenical Temple.
  8800 | D:5      | Upgraded the game from 0.28-a0-382-g33c4956463 to
                  | 0.28-a0-385-g79de503ca0
  8811 | Temple   | Entered the Ecumenical Temple
  8880 | Temple   | Fell from the grace of the Shining One
  8880 | Temple   | Became a worshipper of Vehumet
  8912 | D:5      | Learned a level 3 spell: Dazzling Flash
  9284 | D:5      | Noticed Edmund
  9291 | D:5      | Killed Edmund
  9628 | D:7      | Reached skill level 5 in Hexes
  9961 | D:7      | Reached XP level 10. HP: 28/64 MP: 1/20
 10795 | D:8      | Found a stormy altar of Qazlal.
 10829 | D:8      | Found a glowing golden altar of the Shining One.
 10841 | D:8      | Reached * piety under Vehumet
 10841 | D:8      | Offered knowledge of Freeze by Vehumet.
 10997 | D:8      | Identified the +10 spear of Dividends {pain, rCorr Dex-4
                  | SInv Stlth+}
 10997 | D:8      | Identified the +1 ring mail of the Beggar {+Inv rPois
                  | Regen+}
 10997 | D:8      | Identified the -2 buckler "Wibaelot" {Int+3}
 11061 | D:8      | Reached skill level 8 in Conjurations
 11292 | D:9      | Found a runed translucent gate.
 11292 | D:9      | Found a runed translucent gate.
 11292 | D:9      | Found a runed translucent gate.
 11293 | D:9      | Noticed TheJester's ghost (novice MiBe)
 11293 | D:9      | Noticed a white ugly thing
 11316 | D:9      | Learned a level 1 spell: Freeze
 11339 | D:9      | Reached skill level 1 in Fighting
 11425 | D:9      | Reached skill level 1 in Maces & Flails
 11425 | D:9      | Reached skill level 5 in Stealth
 11689 | D:9      | Reached skill level 5 in Translocations
 11820 | D:8      | Identified the ring "Icem" {Drain Fly rC+ Str-4 Slay+4}
 11860 | D:8      | Found a transporter.
 11863 | D:8      | Found a transporter.
 11876 | D:8      | Noticed Laan's ghost (novice GrFi)
 12049 | D:10     | Entered Level 10 of the Dungeon
 12090 | D:10     | Reached ** piety under Vehumet
 12093 | D:10     | Offered knowledge of Poisonous Vapours by Vehumet.
 12189 | D:10     | Noticed Urug
 12419 | D:9      | Learned a level 2 spell: Poisonous Vapours
 12515 | D:9      | Noticed a kobold demonologist
 12518 | D:9      | Noticed a rust devil
 12518 | D:9      | Killed a kobold demonologist
 13076 | D:10     | Noticed a death yak
 13080 | D:10     | Noticed a death yak
 13709 | D:10     | Noticed Joseph
 13711 | D:10     | Noticed Snorg
 13872 | D:10     | Noticed a death yak
 14058 | D:9      | Slain by a death yak

Illustrated notes

Levels and vault maps discovered:
D:1:      minmay_arrival_solitary_statue, layout_basic
D:2:      layout_basic
D:3:      layout_basic, chequers_ecumenical_altar_simple_redux
D:4:      layout_loops_ring, kennysheep_mini_moat,
          nicolae_overflow_hidden_temple
D:5:      layout_basic, minmay_temple_entry_overgrown, gammafunk_ghost_split,
          uniq_blork_the_orc, uniq_edmund, uniq_menkaure
D:6:      layout_loops_ring, okawaru_gym_becter,
          mainiacjoe_overflow_tiny_flanked
D:7:      layout_loops_ring, lightli_bailey_entry_fortress, the_hattery
D:8:      layout_gridville, chequers_temple_overflow_statue_of_worship,
          gammafunk_ghost_gnarly_gnolls
D:9:      layout_irregular_city, gammafunk_ghost_split, hangedman_fish_farm
D:10:     layout_rooms, old_standard_altar, mainiacjoe_overflow_paths,
          dpeg_lair_monsters, minmay_lizard_king, uniq_urug, uniq_joseph,
          uniq_snorg
Temple:   zaba_magenta_temple

Skill      XL: |  1  2  3  4  5  6  7  8  9 10 |
---------------+-------------------------------+-----
Conjurations   | 5 6 7 8 |  8.5
Spellcasting   | 3 4 5 6 7 |  7.6
Hexes          | 1 2 3 5 6 |  6.3
Stealth        | 3 4 5 |  5.1
Translocations | 2 4 5 |  5.4
Dodging        | 3 |  3.6
Fighting       | 1 |  1.7
Maces & Flails | 1 |  1.1
Evocations     | |  0.4

Action                   |  1- 3 |  4- 6 |  7- 9 | 10-12 || total
-------------------------+-------+-------+-------+-------++-------
Melee: Unarmed           |     7 |       |       |       ||     7
       Whip              |       |       |     3 |       ||     3
       Flail             |       |       |    13 |     1 ||    14
       Mace              |       |       |     1 |       ||     1
Throw: Stone             |       |       |       |     2 ||     2
 Cast: Magic Dart        |    53 |    66 |    66 |       ||   185
       Searing Ray       |    10 |    24 |    46 |    37 ||   117
       Fulminant Prism   |       |     1 |    25 |    38 ||    64
       Dazzling Flash    |       |       |     2 |     2 ||     4
       Iskenderun's Myst |       |       |       |     3 ||     3
       Poisonous Vapours |       |       |       |     1 ||     1
Evoke: Wand              |       |       |     5 |     2 ||     7
       Phantom mirror    |       |       |       |     1 ||     1
  Use: Scroll            |     3 |     1 |     7 |     7 ||    18
       Potion            |     1 |     3 |     4 |     6 ||    14
Armor: Robe              |    11 |     1 |       |     3 ||    15
       Leather armour    |       |     1 |    23 |    12 ||    36
       Skin              |       |       |     4 |       ||     4
Dodge: Dodged            |    12 |    14 |    73 |    23 ||   122

Table legend: (Time is in decaauts)
 A = Elapsed time spent in this place.
 B = Non-inter-level travel time spent in this place.
 C = Inter-level travel time spent in this place.
 D = Time resting spent in this place.
 E = Time spent auto-exploring this place.
 F = Levels seen in this place.
 G = Mean time per level.
                   A        B        C        D        E       F      G
               +--------+--------+--------+--------+--------+-----+--------+
         Total |  14119 |  14119 |      0 |   4155 |   3610 |  11 | 1283.5 |
       Dungeon |  14032 |  14032 |      0 |   4155 |   3610 |  10 | 1403.2 |
        Temple |     86 |     86 |      0 |      0 |      0 |   1 |   86.0 |
               +--------+--------+--------+--------+--------+-----+--------+

Top non-repeatable levels by time:
     D:9: 2161 daAuts
     D:3: 1850 daAuts
     D:1: 1799 daAuts
     D:2: 1565 daAuts
     D:7: 1524 daAuts
     D:5: 1350 daAuts
     D:6: 1332 daAuts
     D:4: 1277 daAuts
     D:8: 957 daAuts
    D:10: 212 daAuts
  Temple: 86 daAuts
